Map: Jagannatha LE

Players

kirby

  • Race: Terran Terran
  • League: Master
  • Spawn Location: 1:00

Dijovi - Winner!

  • Race: Protoss Protoss
  • League: Master
  • Spawn Location: 7:00

VOD

Have the link to the VOD?

Description

Time

  • Played on: Nov. 28, 2020, 8:55 p.m.
  • Length: 8:03
Show
View Real Time Build Order
Export as new Build Order

kirby Terran 

Build Orders: Reaper Expand 

Get SALT Encoding   

  12  0:00  SCV  
  13  0:12  SCV  
  14  0:17  Supply Depot  
  14  0:25  SCV  
  15  0:38  SCV  
  15  0:40  Barracks  
  16  0:43  Refinery  
  16  0:50  SCV  
  17  1:02  SCV  
  18  1:15  SCV  
  19  1:27  Orbital Command  
  19  1:28  Reaper  
  20  1:48  Command Center  
  20  1:59  SCV  
  20  2:10  Marine  
  20  2:11  Factory, SCV  
  22  2:18  Supply Depot  
  22  2:23  SCV  
  22  2:29  Bunker, Barracks Reactor  
  23  2:33  Refinery  
  23  2:42  SCV  
  24  2:55  SCV  
  25  3:01  Orbital Command  
  24  3:06  Marine x2  
  24  3:07  SCV  
  29  3:12  Hellion  
  29  3:14  Starport  
  29  3:19  SCV  
  30  3:24  Marine  
  31  3:27  SCV  
  31  3:31  SCV  
  31  3:32  Marine  
  31  3:34  Widow Mine  
  36  3:39  SCV  
  37  3:41  Marine  
  37  3:43  SCV  
  37  3:47  Supply Depot  
  39  3:50  Marine  
  39  3:51  SCV  
  41  3:55  SCV  
  41  4:05  SCV  
  41  4:06  Marine  
  41  4:07  SCV  
  42  4:17  SCV  
  42  4:18  Starport Tech Lab  
  42  4:19  Widow Mine, Medivac  
  42  4:22  Marine, SCV, Supply Depot  
  49  4:29  SCV  
  50  4:33  Barracks, Marine  
  50  4:34  Engineering Bay, Barracks, SCV  
  52  4:41  SCV  
  53  4:50  Starport Tech Lab, Factory Tech Lab  
  53  4:53  Marine x2  
  53  4:57  SCV x2  
  57  5:02  Terran Infantry Weapons Level 1  
  57  5:04  Supply Depot  
  57  5:07  Supply Depot  
  57  5:09  Raven, SCV x2  
  57  5:13  Marine  
  62  5:25  Marine x2  
  62  5:26  Widow Mine, SCV  
  62  5:27  Supply Depot  
  67  5:28  Command Center  
  67  5:29  Refinery  
  67  5:31  Refinery, SCV  
  67  5:33  Marine  
  69  5:38  SCV  
  69  5:42  Marine, Stimpack  
  70  5:47  Marine  
  70  5:48  Widow Mine, SCV  
  75  5:54  SCV  
  76  5:57  Supply Depot, Marine  
  76  5:58  Marauder, Combat Shield  
  76  6:00  SCV  
  76  6:01  Starport Reactor, Marine  
  76  6:02  Supply Depot  
  81  6:06  Supply Depot  
  81  6:07  SCV  
  81  6:09  Marine  
  83  6:13  SCV  
  83  6:14  Widow Mine  
  86  6:19  Marauder, SCV  
  86  6:22  Marauder, Marine  
  86  6:25  SCV  
  93  6:29  Marine  
  93  6:31  SCV  
  95  6:35  Widow Mine  
  95  6:37  SCV  
  93  6:43  SCV x2  
  90  6:50  Marauder x2, Marine x2, Medivac x2  
  90  6:54  SCV  
  99  6:55  SCV  
  99  6:59  Bunker  
  85  7:07  Marine  
  76  7:09  Orbital Command, SCV x2  
  76  7:11  Marauder x2  
  75  7:19  Marine  
  70  7:25  SCV  
  63  7:30  Marine  
  63  7:31  SCV  
  63  7:33  Marauder x2  
  56  7:37  Marine  
  46  7:48  SCV  
Show
View Real Time Build Order
Export as new Build Order

Dijovi Protoss - Winner!

Build Orders: 1 Gate Expand 

Get SALT Encoding   

  12  0:00  Probe  
  13  0:12  Probe  
  14  0:17  Pylon  
  14  0:24  Probe (Chrono Boost)  
  16  0:36  Gateway  
  16  0:37  Probe (Chrono Boost)  
  16  0:43  Probe (Chrono Boost)  
  16  0:45  Assimilator  
  17  0:51  Probe  
  18  1:03  Probe  
  19  1:15  Probe  
  20  1:23  Cybernetics Core  
  22  1:35  Nexus  
  20  1:42  Pylon  
  20  1:50  Assimilator  
  20  1:51  Probe  
  21  1:57  Adept (Chrono Boost)  
  23  2:03  Probe  
  24  2:14  Warp Gate  
  25  2:15  Probe  
  25  2:17  Stalker (Chrono Boost)  
  26  2:27  Probe  
  27  2:35  Robotics Facility  
  27  2:39  Probe  
  27  2:41  Stalker (Chrono Boost)  
  30  2:48  Probe  
  31  2:52  Probe  
  31  3:01  Probe  
  31  3:06  Probe (Chrono Boost)  
  32  3:16  Stalker  
  32  3:18  Probe (Chrono Boost)  
  32  3:19  Probe (Chrono Boost)  
  36  3:22  Observer  
  36  3:24  Probe (Chrono Boost)  
  36  3:27  Probe (Chrono Boost)  
  39  3:34  Pylon  
  39  3:41  Gateway  
  39  3:42  Gateway  
  39  3:44  Probe  
  39  3:47  Observer  
  41  3:49  Probe  
  42  3:57  Probe  
  42  4:01  Probe  
  42  4:02  Stalker  
  46  4:08  Observer  
  46  4:09  Probe  
  48  4:11  Assimilator  
  48  4:13  Probe  
  49  4:20  Twilight Council  
  49  4:21  Probe  
  50  4:25  Probe  
  50  4:27  Pylon  
  51  4:33  Probe  
  51  4:37  Probe  
  53  4:43  Assimilator  
  53  4:45  Gateway, Probe  
  54  4:48  Stalker x3  
  54  4:49  Probe  
  61  4:57  Probe  
  61  4:58  Blink (Chrono Boost), Pylon, Observer  
  62  5:12  Pylon  
  62  5:15  Pylon  
  62  5:16  Warp Prism, Probe  
  62  5:17  Stalker  
  67  5:21  Stalker  
  69  5:41  Stalker  
  69  5:42  Stalker x2  
  75  5:46  Stalker  
  77  5:53  Forge  
  77  5:55  Dark Shrine  
  77  6:03  Pylon  
  77  6:04  Pylon  
  77  6:17  Stalker x4  
  85  6:24  Pylon  
  85  6:25  Pylon  
  85  6:45  Stalker x2  
  85  6:46  Stalker x2  
  84  7:04  Probe  
  84  7:05  Probe  
  84  7:07  Observer  
  83  7:16  Probe  
  83  7:17  Probe  
  83  7:24  Stalker x4  
  83  7:28  Probe  
  76  7:47  Stalker x4  
Tags
 
Add a new tag
Caveats
  • Supply blocks, unpowered buildings, or Contaminate may cause inaccurate times.
  • Supply counts are checked every 10 seconds.